[ PARTIDA AOE2 · #461027586 ]
1v1 RMEtíopes vs Vietnamese
Equipo del jugador · VICT
[ ANÁLISIS DE REPETICIÓN · EXTRAÍDO DE LA PARTIDA GRABADA ]
Feudal
—
Castillos
—
Imperial
—
| APM promedio | 24.0 |
| APM pico | 40 |
| eAPM promedio | 4.3 |
| Aldeanos / militares | 8 / 0 |
Foco
⚔️ 0.0% · 🌾 100.0%
Feudal
—
Castillos
—
Imperial
—
| APM promedio | 11.9 |
| APM pico | 30 |
| eAPM promedio | 6.0 |
| Aldeanos / militares | 7 / 0 |
Foco
⚔️ 0.0% · 🌾 100.0%
Mapa de la partida
Recursos iniciales + cada clic de construcción. Líneas = muros · curvas = relieve. ◆ oro · ⬟ piedra · ● bayas · ✦ reliquia · ◌ hueco del cierre
Tu base
Base de LyricLearner240
Terreno inicial suavizado · ◌ = hueco del cierre detectado · pasá el cursor para detalles
Inputs por minuto
— Solosparkz - - LyricLearner240
Build order — Solosparkz
11 acciones detectadas en el replay
| 0:10 | Construir | House |
| 0:15 | Construir | House |
| 0:31 | Crear | Villager (Male) |
| 0:31 | Crear | Villager (Male) |
| 0:31 | Crear | Villager (Male) |
| 0:31 | Crear | Villager (Male) |
| 1:50 | Crear | Villager (Male) |
| 2:56 | Crear | Villager (Male) |
| 2:56 | Crear | Villager (Male) |
| 3:27 | Crear | Villager (Male) |
| 4:13 | Construir | Lumber Camp |
Build order — LyricLearner240
12 acciones detectadas en el replay
| 0:03 | Construir | House |
| 0:04 | Crear | Villager (Male) |
| 0:05 | Crear | Villager (Male) |
| 0:05 | Crear | Villager (Male) |
| 0:10 | Construir | House |
| 1:10 | Crear | Villager (Male) |
| 1:37 | Crear | Villager (Male) |
| 1:53 | Construir | House |
| 1:55 | Construir | House |
| 2:05 | Crear | Villager (Male) |
| 2:17 | Crear | Villager (Male) |
| 2:18 | Investigar | Loom |
Cronología de la partida
| 4:28 | LyricLearner240 · resign |
[ ANÁLISIS IA · 1 CRÉDITO ]
¿Qué pasó realmente en esta partida?
Wolo.gg analiza cada decisión: build order, eco, micro, errores típicos por bracket. Análisis personalizado por WhatsApp o Discord en 30 segundos.
Guía civ
Etíopes
Guía mapa
Arabia
Perfil
Jugador #8738373